 Dungeon Crawl Stone Soup version 0.21-a0-471-gd587bd5 (webtiles) character file.

142 vineage the Skirmisher (level 5, -2/48 HPs)
             Began as a Draconian Fire Elementalist on Nov 21, 2017.
             Slain by a gnoll
             ... wielding a +0 spear
              (9 damage)
             ... on level 3 of the Dungeon.
             The game lasted 00:05:51 (2448 turns).

vineage the Skirmisher (DrFE)                       Turns: 2448, Time: 00:05:52

Health: -2/48      AC:  5    Str: 10    XL:     5   Next: 4%
Magic:  2/8        EV: 12    Int: 21    God:
Gold:   110        SH:  0    Dex: 12    Spells: 7/8 levels left

rFire    . . .     SeeInvis .   (no weapon)
rCold    . . .     Gourm    .   (no shield)
rNeg     . . .     Faith    .   (armour unavailable)
rPois    .         Spirit   .   (helmet restricted)
rElec    .         Reflect  .   (no cloak)
rCorr    .         Harm     .   (no gloves)
MR       .....                  (no boots)
Stlth    ++........             (no amulet)
HPRegen  0.16/turn              (no ring)
MPRegen  0.11/turn              (no ring)

@: brilliant, very slightly contaminated, starving
A: unfitting armour, cold-blooded, AC +5
a: no special abilities


You were on level 3 of the Dungeon.
You were starving.

You visited 1 branch of the dungeon, and saw 4 of its levels.

You collected 110 gold pieces.

Inventory:

Hand Weapons
 l - a cursed -3 quarterstaff
Armour
 m - a +0 robe
Jewellery
 f - an uncursed ring of wizardry {unknown}
Scrolls
 c - a scroll of noise {unknown}
 g - a scroll of amnesia {unknown}
 i - 2 scrolls of identify {unknown}
Potions
 e - a potion of curing {unknown}
 h - a potion of might {unknown}
 j - a potion of degeneration {unknown}
 k - a potion of brilliance
Books
 a - a book of Flames

   Spells                             Type                      Level
   a - Flame Tongue                   Conjuration/Fire             1
   b - Throw Flame                    Conjuration/Fire             2
   c - Conjure Flame                  Conjuration/Fire             3
   d - Inner Flame                    Hexes/Fire                   3
   e - Sticky Flame                   Conjuration/Fire             4
   f - Fireball                       Conjuration/Fire             5
Comestibles
 b - 2 bread rations
 d - a royal jelly


   Skills:
 + Level 5.2 Fighting
 - Level 1.7 Dodging
 - Level 1.7 Stealth
 + Level 2.0 Spellcasting
 - Level 1.0 Conjurations
 + Level 3.0 Fire Magic


You had 7 spell levels left.
You knew the following spells:

 Your Spells              Type           Power        Failure   Level  Hunger
a - Flame Tongue          Conj/Fire      ###..        1%          1    #......


Dungeon Overview and Level Annotations

Branches:
Dungeon (4/15)
 Temple: D:4-7

Altars:
Ashenzari
Dithmenos
Qazlal
Ru


Innate Abilities, Weirdness & Mutations

Your plain brown scales are hard. (AC +5)
You cannot fit into any form of body armour.
You are cold-blooded and may be slowed by cold attacks.


Message History

You are very lightly contaminated with residual magic.
Strange energies run through your body.
The gnoll hits you from afar with a spear.
Casting: Flame Tongue
Confirm with . or Enter, or press ? or * to list all spells.
You don't have enough magic to cast that spell.
Unknown command.
The gnoll hits you with a whip!
The gnoll hits you from afar with a spear.
The gnoll barely misses you.
The gnoll hits you from afar with a spear!
The gnoll hits you with a whip!
You are starving!
The gnoll hits you with a flail!
* * * LOW HITPOINT WARNING * * *
It was a potion of brilliance.
You feel clever all of a sudden. The gnoll barely misses you.
The gnoll hits you from afar with a spear!
You die...

##### ##...#####
##.........
###...#######.
#<...#..≈≈≈..#
####.#..≈...≈..
#...#...≈._.≈..
#...@#..≈...≈..
#...gg#..≈≈≈..#
####....g.#######.#
.................#
####....#....#####
#....#....#
#....#....#
#....###.## ######
#)##


You could see 3 gnolls.

Vanquished Creatures
  Natasha (thrice) (D:2)
  3 adders
  An ooze (D:1)
  A worm (D:2)
  A dart slug (D:1)
  A leopard gecko (D:2)
  A ball python (D:4)
  3 bats
  2 goblins
  5 hobgoblins
  4 jackals (D:1)
  A quokka (D:4)
  6 kobolds (D:1)
  3 rats
35 creatures vanquished.

Notes
Turn   | Place    | Note
-------+----------+-------------------------------------------
     0 | D:1      | vineage the Draconian Fire Elementalist began the quest for the Orb.
     0 | D:1      | Reached XP level 1. HP: 14/14 MP: 3/3
   207 | D:1      | Reached skill level 1 in Fighting
   436 | D:1      | Reached skill level 2 in Fighting
   436 | D:1      | Reached XP level 2. HP: 24/24 MP: 0/5
  1238 | D:2      | Reached skill level 3 in Fighting
  1306 | D:2      | Found a shadowy altar of Dithmenos.
  1343 | D:2      | Reached XP level 3. HP: 20/31 MP: 0/6
  1526 | D:2      | Noticed Natasha
  1536 | D:2      | Killed Natasha
  1536 | D:2      | Reached skill level 4 in Fighting
  1605 | D:2      | Reached XP level 4. HP: 36/40 MP: 0/7
  1644 | D:2      | Noticed Natasha
  1663 | D:2      | Killed Natasha
  1682 | D:2      | Found a shattered altar of Ashenzari.
  1759 | D:2      | Noticed Natasha
  1764 | D:2      | Killed Natasha
  1764 | D:2      | Reached skill level 5 in Fighting
  1877 | D:2      | You fall through a shaft for 2 floors!
  1879 | D:4      | Noticed a phantom
  1913 | D:4      | Found a stormy altar of Qazlal.
  2403 | D:3      | Reached XP level 5. HP: 48/48 MP: 5/8
  2405 | D:3      | Found a sacrificial altar of Ru.
  2448 | D:3      | Slain by a gnoll

Vault maps used:
D:1:      tarquinn_simple_flora_water_d, grunt_decor_resistance,
          serial_bayou_crossing
D:2:      ashenzari_conservatory_becter, first_bread, grunt_dithmenos_smoke,
          uniq_natasha
D:3:      minmay_liquid_box, nicolae_ru_awakened_eye
D:4:      lemuel_doored_altar, serial_shops, kennysheep_mini_moat

Skill      XL: |  1  2  3  4 |
---------------+-------------+-----
Fighting       | 2 3 4 5 |  5.2
Dodging        | |  1.7
Stealth        | |  1.7
Spellcasting   | |  2.0
Conjurations   | |  1.0
Fire Magic     | |  3.0

Action                   |  1- 3 |  4- 6 || total
-------------------------+-------+-------++-------
Melee: Unarmed           |    73 |    24 ||    97
       Tailslap          |    10 |     4 ||    14
 Cast: Flame Tongue      |    32 |    33 ||    65
  Use: Potion            |       |     1 ||     1
 Stab: Sleeping          |     1 |       ||     1
  Eat: Chunk             |     2 |     2 ||     4
Armor: Skin              |    23 |    18 ||    41
Dodge: Dodged            |    62 |    28 ||    90

Table legend:
 A = Spawn XP
 B = Non-spawn XP
 C = Spawn XP percentage of total XP
 D = Spawn monster count
 E = Non-spawn monster count
 F = Spawn count percentage of total count
 G = Total turns spent on level
                    A         B        C        D         E        F      G
               +---------+---------+-------+---------+---------+-------+---------
         Total |       0 |     204 |   0.0 |       0 |      35 |   0.0 |  2448
               +---------+---------+-------+---------+---------+-------+---------
           D:1 |       0 |      35 |   0.0 |       0 |      17 |   0.0 |  1216
           D:2 |       0 |     147 |   0.0 |       0 |      11 |   0.0 |   847
           D:3 |       0 |      17 |   0.0 |       0 |       4 |   0.0 |    56
           D:4 |       0 |       5 |   0.0 |       0 |       3 |   0.0 |   329
               +---------+---------+-------+---------+---------+-------+---------
